 Dungeon Crawl Stone Soup version 0.21-a0-278-ga722497 (webtiles) character file.

44 motkurip the Chopper (level 3, 0/22 HPs)
             Began as a Gargoyle Warper on Sept 20, 2017.
             Slain by a shadow imp (3 damage)
             ... summoned by Natasha
             ... on level 2 of the Dungeon.
             The game lasted 00:02:54 (593 turns).

motkurip the Chopper (Gargoyle Warper)               Turns: 593, Time: 00:02:55

Health: 0/22       AC:  7    Str: 14    XL:     3   Next: 60%
Magic:  5/6        EV: 11    Int: 13    God:
Gold:   49         SH:  0    Dex: 10    Spells: 4/6 levels left

rFire    . . .     SeeInvis .   a - +0 hand axe
rCold    . . .     Gourm    .   (no shield)
rNeg     + . .     Faith    .   b - +0 leather armour
rPois    ∞         Spirit   .   (no helmet)
rElec    +         Reflect  .   (no cloak)
rCorr    .         Harm     .   l - +0 pair of gloves (curse)
MR       .....                  (no boots)
Stlth    +.........             (no amulet)
HPRegen  0.07/turn              (no ring)
MPRegen  0.10/turn              (no ring)

@: no status effects
A: negative energy resistance 1, electricity resistance, unbreathing,
petrification resistance, rot immunity, AC +3
a: no special abilities


You were on level 2 of the Dungeon.
You were not hungry.

You visited 1 branch of the dungeon, and saw 2 of its levels.

You collected 49 gold pieces.

Inventory:

Hand Weapons
 a - a +0 hand axe (weapon)
Missiles
 e - 4 tomahawks of dispersal (quivered)
Armour
 b - a +0 leather armour (worn)
 l - a cursed +0 pair of gloves (worn)
Scrolls
 d - a scroll of blinking
 g - a scroll of enchant weapon {unknown}
 h - 2 scrolls of teleportation {unknown}
 i - a scroll of recharging {unknown}
Books
 c - a book of Spatial Translocations

   Spells                             Type                      Level
   a - Blink                          Translocation                2
   b - Shroud of Golubria             Charms/Translocation         2
   c - Lesser Beckoning               Translocation                3
   d - Gell's Gravitas                Translocation                3
   e - Teleport Other                 Translocation                3
   f - Passage of Golubria            Translocation                4
Comestibles
 f - 4 bread rations
 k - a chunk of flesh


   Skills:
 + Level 2.7 Fighting
 * Level 2.9 Axes
 + Level 1.4 Throwing
 - Level 1.1 Armour
 - Level 1.5 Dodging
 - Level 2.0 Spellcasting
 - Level 2.6 Translocations


You had 4 spell levels left.
You knew the following spells:

 Your Spells              Type           Power        Failure   Level  Hunger
a - Shroud of Golubria    Chrm/Tloc      #.........   26%         2    ###....


Dungeon Overview and Level Annotations

Branches:
Dungeon (2/15)

Altars:

Annotations:
D:2 Natasha


Innate Abilities, Weirdness & Mutations

You are resistant to torment.
Your stone body is resilient. (AC +3)
You are immune to poison.
You resist negative energy. (rN+)
You are resistant to electric shocks. (rElec)
You can survive without breathing.
You are immune to petrification.
You are immune to rotting.


Message History

Natasha casts a spell.
You closely miss Natasha.
Natasha is moderately wounded.
You barely miss the shadow imp.
Natasha casts a spell.
The shadow imp hits you.
* * * LOW HITPOINT WARNING * * *
You miss Natasha.
Natasha is moderately wounded.
You closely miss the shadow imp. You hit the shadow imp. Natasha claws you.
* * * LOW HITPOINT WARNING * * *
The shadow imp hits you but does no damage.
The shadow imp barely misses you.
You hit Natasha.
Natasha is moderately wounded.
You hit the shadow imp but do no damage.
You closely miss the shadow imp. Natasha claws you.
* * * LOW HITPOINT WARNING * * *
The shadow imp closely misses you. The shadow imp hits you.
You die...

#...# # ###.#
#.# ## #.# .
#.# #.#)#
##.#.# #..55#
# #.###@##
.## ##h# ...
#l# #.# ##5#
.##.##.###)##
.....K..5.l#
.##l##.#5###
#.#.# ..#.#


You could see Natasha, a white imp, 2 shadow imps and a leopard gecko.

Vanquished Creatures
  An adder (D:2)
  An ooze (D:1)
  2 dart slugs (D:1)
  A ball python (D:1)
  3 bats
  A giant cockroach (D:2)
  2 goblins
  5 hobgoblins
  4 frilled lizards
  4 kobolds
  3 rats (D:1)
27 creatures vanquished.

Notes
Turn   | Place    | Note
-------+----------+-------------------------------------------
     0 | D:1      | motkurip the Gargoyle Warper began the quest for the Orb.
     0 | D:1      | Reached XP level 1. HP: 12/12 MP: 3/3
   110 | D:1      | Reached skill level 1 in Throwing
   125 | D:1      | Reached XP level 2. HP: 9/18 MP: 5/5
   132 | D:1      | Learned a level 2 spell: Shroud of Golubria
   372 | D:1      | Reached XP level 3. HP: 15/22 MP: 6/6
   423 | D:2      | Noticed Natasha
   593 | D:2      | Slain by a shadow imp

Vault maps used:
D:1:      kennysheep_arrival_seaside
D:2:      uniq_natasha

Skill      XL: |  1 |
---------------+----+-----
Axes           | 2 |  2.9
Throwing       | 1 |  1.4
Fighting       | |  2.7
Armour         | |  1.1
Dodging        | |  1.5
Spellcasting   | |  2.0
Translocations | |  2.6

Action                   || total
-------------------------++-------
Melee: Hand axe          ||   120
Throw: Tomahawk          ||     1
 Cast: Shroud of Golubri ||     5
  Use: Potion            ||     1
Armor: Leather armour    ||    41
Dodge: Dodged            ||    95

Table legend:
 A = Spawn XP
 B = Non-spawn XP
 C = Spawn XP percentage of total XP
 D = Spawn monster count
 E = Non-spawn monster count
 F = Spawn count percentage of total count
 G = Total turns spent on level
                    A         B        C        D         E        F      G
               +---------+---------+-------+---------+---------+-------+---------
         Total |       0 |      63 |   0.0 |       0 |      27 |   0.0 |   593
               +---------+---------+-------+---------+---------+-------+---------
           D:1 |       0 |      38 |   0.0 |       0 |      19 |   0.0 |   429
           D:2 |       0 |      25 |   0.0 |       0 |       8 |   0.0 |   164
               +---------+---------+-------+---------+---------+-------+---------
